 Dungeon Crawl Stone Soup version 0.22.0-27-ga576289601 (webtiles) character file.

313069 Elric the Warrior (level 21, -2/142 HPs)
             Began as a Gargoyle Fighter on Aug 19, 2018.
             Was the Champion of Okawaru.
             Killed by divine providence
             ... invoked by a smoke demon
              (16 damage)
             ... on level 5 of the Abyss on Aug 21, 2018.
             The game lasted 01:50:36 (40941 turns).

Elric the Warrior (Gargoyle Fighter)               Turns: 40941, Time: 01:50:36

Health: -2/142     AC: 58    Str: 22    XL:     21   Next: 32%
Magic:  28/32      EV: 10    Int: 13    God:    Okawaru [******]
Gold:   3525       SH: 15    Dex: 13    Spells: 20/28 levels left

rFire    + + +     SeeInvis +   F - +1 broad axe of Lakiocab {venom, rF++ Str+2 Int-4 SInv}
rCold    + . .     Gourm    .   c - +0 shield
rNeg     + . .     Faith    .   j - +7 crystal plate armour of Free Expression {-Cast +Inv +Fly Regen+}
rPois    ∞         Spirit   .   V - +2 hat of Wrong Decisions {rCorr Str-4 Int+6 Slay+2}
rElec    +         Reflect  .   u - scarf {repulsion}
rCorr    +         Harm     .   X - +1 pair of gloves {Dex+3}
MR       ++...     NoCast   +   d - +0 pair of boots of Anim Ebo {rElec rPois rF+ Str-3}
Stlth    ..........             h - amulet of Balance {Acrobat rPois SInv Stlth-}
HPRegen  0.73/turn              Q - ring of protection from magic
MPRegen  0.23/turn              G - ring of protection from cold

@: heroism, finesse, flying, repel missiles
A: big wings, negative energy resistance 1, electricity resistance, unbreathing,
petrification resistance, rot immunity, AC +16
}: 2/15 runes: decaying, gossamer
a: Stop Flying, Heroism, Finesse, Renounce Religion, Evoke Invisibility


You were on level 5 of the Abyss.
You worshipped Okawaru.
Okawaru was exalted by your worship.
You were not hungry.

You visited 7 branches of the dungeon, and saw 35 of its levels.
You visited the Abyss 1 time.
You also visited: Ice Cave.

You collected 3622 gold pieces.
You spent 97 gold pieces at shops.

Inventory:

Hand Weapons
 e - a +1 broad axe of freezing
 r - a +1 hand axe of flaming
 F - the +1 broad axe of Lakiocab (weapon) {venom, rF++ Str+2 Int-4 SInv}
   (Okawaru gifted it to you on level 3 of the Depths)

   It poisons the flesh of those it strikes.
   It affects your strength (+2).
   It affects your intelligence (-4).
   It greatly protects you from fire.
   It lets you see invisible.
 L - a +7 broad axe of chopping
Armour
 c - a +0 shield (worn)
 d - the +0 pair of boots of Anim Ebo (worn) {rElec rPois rF+ Str-3}
   (You acquired it on level 1 of the Orcish Mines)

   It affects your strength (-3).
   It protects you from fire.
   It insulates you from electricity.
   It protects you from poison.
 j - the +7 crystal plate armour of Free Expression (worn) {-Cast +Inv +Fly Regen+}
   (Okawaru gifted it to you on level 2 of the Depths)

   It lets you turn invisible.
   It lets you fly.
   It prevents spellcasting.
   It increases your rate of regeneration.
 u - a scarf of repulsion (worn)
 U - a +8 crystal plate armour
 V - the +2 hat of Wrong Decisions (worn) {rCorr Str-4 Int+6 Slay+2}
   (Okawaru gifted it to you on level 4 of the Spider Nest)

   It affects your strength (-4).
   It affects your intelligence (+6).
   It affects your accuracy and damage with ranged weapons and melee attacks
   (+2).
   It provides partial protection from all sources of acid and corrosion.
 X - a +1 pair of gloves of dexterity (worn)
Jewellery
 h - the amulet of Balance (around neck) {Acrobat rPois SInv Stlth-}
   (You found it on level 1 of the Depths)

   [amulet of the acrobat]

   It helps you evade while moving and waiting.
   It protects you from poison.
   It lets you see invisible.
   It makes you less stealthy.
 t - the ring "Cubygos" {rF- rN++ Str+7 Int+5, unknown}
   (You took it off a spriggan berserker on level 3 of the Depths)

   [ring of intelligence]

   It affects your strength (+7).
   It affects your intelligence (+5).
   It makes you vulnerable to fire.
   It greatly protects you from negative energy.
 x - an uncursed ring of protection from fire
 C - an uncursed amulet of the acrobat
 G - a ring of protection from cold (right hand)
 M - an uncursed ring of see invisible
 Q - a ring of protection from magic (left hand)
Wands
 b - a wand of clouds (2)
 D - a wand of iceblast (21)
 I - a wand of paralysis (10)
 K - a wand of acid (42)
 S - a wand of digging (39)
Scrolls
 g - 3 scrolls of identify
 l - 4 scrolls of fear
 n - 5 scrolls of amnesia
 p - 14 scrolls of remove curse
 q - 2 scrolls of blinking
 v - a scroll of holy word
 w - 13 scrolls of teleportation
 y - 5 scrolls of magic mapping
 B - 6 scrolls of fog
Potions
 a - a potion of magic
 i - 4 potions of curing
 k - 5 potions of flight {unknown}
 o - 2 potions of brilliance
 z - 2 potions of haste
 A - a potion of berserk rage
 E - 2 potions of cancellation
 H - 2 potions of agility
 J - 3 potions of resistance
 O - 6 potions of mutation
 P - a potion of might
 R - a potion of heal wounds
 Z - 2 potions of invisibility {unknown}
Miscellaneous
 m - a phantom mirror
 s - a phial of floods
 N - a lamp of fire
Comestibles
 f - 41 rations


   Skills:
 * Level 18.3(23.3) Fighting
 + Level 15.5(20.5) Axes
 + Level 18.2(23.2) Armour
 - Level 5.0(10.0) Dodging
 - Level 7.1(12.1) Stealth
 - Level 14.1(19.1) Shields
 - Level 4.0 Spellcasting
 - Level 3.9 Translocations
 - Level 15.2 Invocations
 - Level 9.3 Evocations


You had 20 spell levels left.
You knew the following spells:

 Your Spells              Type           Power        Failure   Level  Hunger
a - Controlled Blink      Tloc           N/A          100%        8    #######

Your spell library contained the following spells:

 Spells                   Type           Power        Failure   Level  Hunger
 Blink                    Tloc           N/A          65%         2    ##.....
 Gell's Gravitas          Tloc           ##........   86%         3    ###....
 Shroud of Golubria       Chrm/Tloc      #.........   89%         2    ##.....
 Animate Skeleton         Necr           N/A          96%         1    None
 Beastly Appendage        Tmut           #.....       96%         1    None
 Confusing Touch          Hex            #.....       96%         1    None
 Corona                   Hex            #......      96%         1    None
 Freeze                   Ice            #...         96%         1    None
 Magic Dart               Conj           #...         96%         1    None
 Pain                     Necr           #...         96%         1    None
 Sandblast                Erth           #.....       96%         1    None
 Summon Butterflies       Summ           #.......     96%         1    None
 Recall                   Summ/Tloc      N/A          98%         3    ###....
 Call Imp                 Summ           #.......     99%         2    ##.....
 Ensorcelled Hibernation  Hex/Ice        #.....       99%         2    ##.....
 Passwall                 Tmut/Erth      #.......     99%         2    ##.....
 Poisonous Vapours        Pois/Air       #.....       99%         2    ##.....
 Slow                     Hex            #.......     99%         2    ##.....
 Sticks to Snakes         Tmut           #.......     99%         2    ##.....
 Throw Frost              Conj/Ice       #.....       99%         2    ##.....
 Call Canine Familiar     Summ           #.......     100%        3    ###....
 Confuse                  Hex            #.......     100%        3    ###....
 Conjure Flame            Conj/Fire      #.......     100%        3    ###....
 Dazzling Spray           Conj/Hex       #.....       100%        3    ###....
 Ignite Poison            Fire/Tmut/Pois #.......     100%        3    ###....
 Mephitic Cloud           Conj/Pois/Air  #.......     100%        3    ###....
 Ozocubu's Armour         Chrm/Ice       #.......     100%        3    ###....
 Regeneration             Chrm/Necr      #.........   100%        3    ###....
 Stone Arrow              Conj/Erth      #.....       100%        3    ###....
 Tukima's Dance           Hex            #.......     100%        3    ###....
 Vampiric Draining        Necr           #.........   100%        3    ###....
 Animate Dead             Necr           N/A          100%        4    ####...
 Ice Form                 Ice/Tmut       #.......     100%        4    ####...
 Petrify                  Tmut/Erth      #.......     100%        4    ####...
 Summon Ice Beast         Ice/Summ       #.......     100%        4    ####...
 Throw Icicle             Conj/Ice       #.......     100%        4    ####...
 Alistair's Intoxication  Tmut/Pois      #.......     100%        5    ######.
 Borgnjor's Vile Clutch   Necr/Erth      #.........   100%        5    ######.
 Irradiate                Conj/Tmut      #.........   100%        5    ######.
 Lee's Rapid Deconstruct  Erth           #.........   100%        5    ######.
 Metabolic Englaciation   Hex/Ice        #.........   100%        5    ######.
 Silence                  Hex/Air        #.........   100%        5    ######.
 Summon Forest            Summ/Tloc      #.........   100%        5    ######.
 Summon Mana Viper        Hex/Summ       #.......     100%        5    ######.
 Yara's Violent Unravell  Hex/Tmut       #.........   100%        5    ######.
 Death Channel            Necr           #.........   100%        6    #######
 Simulacrum               Ice/Necr       #.........   100%        6    #######
 Summon Hydra             Summ           #.........   100%        7    #######
 Sublimation of Blood     Necr           Unusable     N/A         2    N/A
 Statue Form              Tmut/Erth      Unusable     N/A         6    N/A

Dungeon Overview and Level Annotations

Branches:
Dungeon (15/15)            Temple (1/1) D:7            Lair (6/6) D:8
  Swamp (4/4) Lair:2       Spider (4/4) Lair:2        Slime (0/5) Lair:5
    Orc (2/2) D:11            Elf (0/3) Orc:2        Vaults (0/5) D:13
 Depths (3/5) D:15

Altars:
Ashenzari
Cheibriados
Dithmenos
Elyvilon
Fedhas
Gozag
Kikubaaqudgha
Makhleb
Nemelex Xobeh
Okawaru
Qazlal
Sif Muna
Trog
Uskayaw
Vehumet
Wu Jian
Xom
The Shining One
Jiyva
Lugonu

Shops:
D:5 *   D:13 *(   Orc:2 *[}*

Portals:
Hell: Depths:1 Depths:2
Abyss: Depths:2
Pandemonium: Depths:2
Ziggurat: Depths:3

Annotations:
Lair:3 3 runed doors, Bauhell's ghost, journeyman HuSu
Depths:2 exclusion: 2 ice statues
Depths:3 exclusion: ice statue


Innate Abilities, Weirdness & Mutations

You are resistant to torment.
Your stone body is resilient. (AC +16)
You are immune to poison.
Your large and strong wings let you fly indefinitely.
You resist negative energy. (rN+)
You are resistant to electric shocks. (rElec)
You can survive without breathing.
You are immune to petrification.
You are immune to rotting.


Message History

The smoke demon gestures at you. You block the sticky flame.
Your crystal plate armour of Free Expression prevents you from hitting the smoke demon.
The smoke demon is almost dead.
You barely miss the large abomination. You slash the hellion!
You kill the hellion!
Okawaru accepts your kill.
A guardian serpent comes into view.
You block the large abomination's attack.
Your crystal plate armour of Free Expression prevents you from hitting the smoke demon.
The smoke demon is almost dead.
You hit the large abomination but do no damage.
An orb spider comes into view.
Your crystal plate armour of Free Expression prevents you from hitting the smoke demon.
The smoke demon is almost dead.
Your crystal plate armour of Free Expression prevents you from hitting the large abomination.
The orb spider hisses angrily.
The smoke demon gestures at you. Something smites you!
You die...

..# .# ...# . #s..
.#.. . . ... #... .
##..###1######.#...
.#.... .....#... .#
... .#.#.#†## . . #
###..[@# 3
.#.....3X# ( # ≈ ≈
......#.†.# .≈
......###.#.# #.. .
. ....##..##.. .. .
. ... .....## . ..
v S.... . . ...#.
#. . . . ....#. .


You could see an Executioner, a large abomination, a guardian serpent, an orb
spider and a smoke demon.

Vanquished Creatures
  An ancient lich (Abyss:5)
  the Lernaean hydra (Swamp:4)
  4 caustic shrikes (Depths:3)
  2 liches
  A tentacled monstrosity (Swamp:2)
  A tentacled starspawn (Abyss:5)
  Kirke (D:13)
  A storm dragon (Depths:3)
  A thorn hunter (Swamp:4)
  3 fire giants
  4 frost giants
  4 emperor scorpions (Spider:4)
  A balrug (Depths:3)
  2 orc warlords (Depths:1)
  8 ghost moths
  A juggernaut zombie (Depths:3)
  A caustic shrike skeleton (Depths:2)
  4 stone giants
  14 very ugly things
  A deep elf demonologist (Depths:3)
  7 spark wasps
  2 blizzard demons
  A fire dragon (Depths:3)
  Josephine (Lair:5)
  A yaktaur captain (Depths:3)
  A great orb of eyes (Depths:2)
  2 deep elf high priests (Depths:3)
  3 ogre magi
  An ice dragon (shapeshifter) (Depths:2)
  6 ice dragons
  A catoblepas (Lair:6)
  19 hydras
  2 ghost crabs
  A spriggan air mage (Depths:2)
  A merfolk avatar (Lair:6)
  3 vault guards (D:13)
  2 rakshasas (Depths:1)
  3 centaur warriors
  18 two-headed ogres
  5 deep troll earth magi
  A titan zombie (Abyss:5)
  7 tengu warriors
  13 alligators
  2 deep troll shamans (Depths:1)
  6 death yaks
  6 spriggan berserkers
  2 orc high priests (Depths:1)
  3 thrashing horrors (Abyss:5)
  A storm dragon zombie (Depths:2)
  3 sun demons (Depths:3)
  Sonja (D:13)
  2 spatial maelstroms (Abyss:5)
  3 sea snakes (Lair:6)
  9 deep trolls
  A death drake (shapeshifter) (Depths:1)
  A spark wasp zombie (Depths:3)
  2 quicksilver dragon simulacra (Depths:3)
  2 spriggan druids
  4 glowing orange brains
  10 hell knights
  2 skeletal warriors
  17 swamp dragons
  2 shadow dragon zombies
  4 unseen horrors
  2 shambling mangroves (Swamp:3)
  3 wizards (Depths:2)
  5 necromancers
  Pikel (D:7)
  A lindwurm (Depths:2)
  8 orc knights
  An orb spider (shapeshifter) (D:15)
  3 deep elf magi
  A sphinx skeleton (Depths:2)
  A faun (shapeshifter) (Depths:1)
  3 moths of wrath
  A wolf spider zombie (D:11)
  34 wolf spiders
  21 orb spiders
  2 orc sorcerers
  4 cyclopes
  16 ugly things
  A manticore (D:12)
  A fire giant skeleton (Depths:2)
  6 elephants (Lair:6)
  8 rust devils
  2 frost giant zombies (Depths:3)
  3 naga magi (D:15)
  3 black mambas
  2 centaur zombies
  Joseph (D:7)
  A guardian serpent (shapeshifter) (Depths:2)
  A stone giant skeleton (Depths:2)
  A gargoyle (D:11)
  A torpor snail (Spider:3)
  An ice statue (IceCv)
  24 spiny frogs
  A hellion (Abyss:5)
  6 rime drakes
  10 demonic crawlers
  9 yaktaurs
  A redback zombie (D:11)
  15 komodo dragons
  A freezing wraith (Depths:3)
  2 hellwings (D:11)
  3 red devils (Depths:3)
  5 starcursed masses (Abyss:5)
  5 ice devils
  33 jumping spiders
  A harpy zombie (D:11)
  15 hornets
  10 tyrant leeches
  3 tengu conjurers
  2 ancient zymes (Abyss:5)
  A tengu simulacrum (Depths:2)
  19 polar bears
  14 trolls
  28 blink frogs
  A meliai zombie (D:11)
  13 dream sheep
  8 raiju (Abyss:5)
  22 slime creatures
  6 hippogriffs
  7 bog bodies
  20 flying skulls
  A centaur simulacrum (D:12)
  78 redbacks
  A ynoxinul (Abyss:5)
  2 shadows
  4 wraiths (Lair:5)
  11 tarantellas
  65 yaks
  A vampire (D:12)
  4 spriggans
  4 wyverns
  An elf zombie (Depths:2)
  A spriggan skeleton (Depths:2)
  4 basilisks
  A hog (D:13)
  A steam dragon (D:12)
  A large abomination (Abyss:5)
  14 swamp worms
  4 insubstantial wisps (Swamp:3)
  27 vampire mosquitoes
  A soldier ant (D:13)
  A spatial vortex (Abyss:5)
  8 wargs
  17 water moccasins
  A floating eye (shapeshifter) (Depths:2)
  3 hell hounds (Depths:3)
  13 porcupines
  6 sky beasts
  15 swamp drakes
  3 black bears
  2 slaves (D:7)
  3 ice beasts
  21 orc warriors
  An eye of draining (Abyss:5)
  2 hornet zombies
  4 phantoms
  5 necrophages
  4 boggarts (D:14)
  28 wolves
  27 centaurs
  28 ogres
  15 crocodiles
  9 big kobolds
  15 bullfrogs
  2 wyvern skeletons
  2 scorpions
  23 killer bees
  2 vampire bats (D:9)
  6 wights
  3 electric eels
  7 howler monkeys
  11 crimson imps
  2 quasits
  A bullfrog zombie (D:6)
  7 hounds
  6 jellies
  20 orc wizards
  14 orc priests
  2 iguanas
  3 bullfrog skeletons (D:10)
  3 centaur skeletons
  Terence (D:2)
  10 worker ants
  A killer bee zombie (D:6)
  2 hound zombies
  2 hound skeletons
  2 howler monkey zombies
  2 worker ant zombies
  12 adders
  14 gnolls
  8 shadow imps
  3 oozes
  An adder skeleton (D:6)
  4 worms
  A dart slug (D:1)
  6 leopard geckos
  69 orcs
  7 bats
  4 bat skeletons (D:9)
  2 bat zombies (D:9)
  4 giant cockroaches
  9 goblins
  9 hobgoblins
  5 jackals
  48 kobolds
  8 quokkas
  7 frilled lizards
  A quokka zombie (D:9)
  13 rats
  4 fungi
  A plant (D:9)
1495 creatures vanquished.

Vanquished Creatures (collateral kills)
  A hydra (Swamp:4)
  A swamp dragon (Swamp:4)
2 creatures vanquished.

Vanquished Creatures (others)
  A vault guard (D:13)
  An orb spider (Spider:4)
  A redback (Spider:1)
  A human (D:13)
  A spriggan (Swamp:2)
  An ettin simulacrum (Depths:3)
  A bush (D:8)
  27 fungi
  35 plants
  4 starspawn tentacles (Abyss:5)
73 creatures vanquished.

Grand Total: 1570 creatures vanquished

Notes
Turn   | Place    | Note
-------+----------+-------------------------------------------
     0 | D:1      | Elric the Gargoyle Fighter began the quest for the Orb.
     0 | D:1      | Reached XP level 1. HP: 14/14 MP: 1/1
   142 | D:1      | Reached XP level 2. HP: 16/19 MP: 2/2
   355 | D:1      | Reached XP level 3. HP: 20/23 MP: 3/3
  1229 | D:2      | Reached XP level 4. HP: 25/29 MP: 4/4
  1559 | D:2      | Noticed Terence
  1566 | D:2      | Killed Terence
  1566 | D:2      | Reached XP level 5. HP: 33/33 MP: 5/5
  2423 | D:4      | Reached XP level 6. HP: 38/39 MP: 6/6
  2814 | D:4      | Noticed a phantom
  2825 | D:4      | Killed a phantom
  2825 | D:4      | Reached skill level 5 in Fighting
  2825 | D:4      | Reached skill level 5 in Armour
  2825 | D:4      | Reached skill level 5 in Shields
  2825 | D:4      | Reached XP level 7. HP: 36/44 MP: 7/7
  3325 | D:5      | Entered Level 5 of the Dungeon
  3605 | D:5      | Reached XP level 8. HP: 51/51 MP: 8/8
  3870 | D:5      | Reached skill level 5 in Axes
  3990 | D:5      | Found a snail-covered altar of Cheibriados.
  3991 | D:5      | Found a shadowy altar of Dithmenos.
  3991 | D:5      | Found a bloodstained altar of Trog.
  3992 | D:5      | Found a hide-covered altar of Uskayaw.
  4036 | D:5      | Found Pecsoso's General Store.
  4458 | D:6      | Reached XP level 9. HP: 36/57 MP: 9/9
  4687 | D:6      | Noticed a troll
  4742 | D:6      | Killed a troll
  5249 | D:6      | Found a shattered altar of Ashenzari.
  5823 | D:7      | Reached XP level 10. HP: 50/64 MP: 10/10
  5917 | D:7      | Noticed Joseph
  5936 | D:7      | Killed Joseph
  6088 | D:7      | Found a staircase to the Ecumenical Temple.
  6091 | D:7      | Noticed Pikel
  6097 | Temple   | Entered the Ecumenical Temple
  6142 | Temple   | Became a worshipper of Warmaster Okawaru
  6172 | D:7      | Killed Pikel
  6583 | D:8      | Found a deep blue altar of Sif Muna.
  6690 | D:8      | Reached * piety under Okawaru
  6907 | D:8      | Found a staircase to the Lair.
  6926 | D:8      | Reached skill level 1 in Invocations
  6955 | D:8      | Reached skill level 1 in Evocations
  7005 | D:8      | Reached ** piety under Okawaru
  7420 | D:9      | Noticed a two-headed ogre
  7432 | D:9      | Killed a two-headed ogre
  7432 | D:9      | Reached XP level 11. HP: 32/71 MP: 13/13
  7748 | D:9      | Found an ancient bone altar of Kikubaaqudgha.
  7816 | D:9      | Found a radiant altar of Vehumet.
  8002 | D:9      | Found a sparkling altar of Nemelex Xobeh.
  8067 | D:9      | Reached *** piety under Okawaru
  8155 | D:9      | Found a glowing golden altar of the Shining One.
  8313 | D:9      | Received a gift from Okawaru
  8348 | D:9      | Noticed a three-headed hydra
  8553 | D:9      | Killed a two-headed hydra
  8553 | D:9      | Reached skill level 5 in Invocations
  8794 | D:10     | Entered Level 10 of the Dungeon
  8974 | D:10     | Noticed a two-headed ogre
  8995 | D:10     | Killed a two-headed ogre
  8995 | D:10     | Reached **** piety under Okawaru
  9088 | D:10     | Noticed a two-headed ogre
  9110 | D:10     | Killed a two-headed ogre
  9110 | D:10     | Reached skill level 10 in Fighting
  9110 | D:10     | Reached skill level 10 in Armour
  9117 | D:10     | Reached skill level 10 in Shields
  9354 | D:10     | Found a shattered altar of Ashenzari.
  9981 | Lair:1   | Entered Level 1 of the Lair of Beasts
  9991 | Lair:1   | Reached ***** piety under Okawaru
 10034 | Lair:1   | Reached XP level 12. HP: 48/77 MP: 16/16
 10913 | Lair:2   | Noticed a five-headed hydra
 10927 | Lair:2   | Killed a one-headed hydra
 11224 | Lair:2   | Found a hole to the Spider Nest.
 11397 | Lair:2   | Received a gift from Okawaru
 11802 | Lair:2   | Found a staircase to the Swamp.
 12589 | Lair:3   | Found a runed gate.
 12589 | Lair:3   | Found a runed gate.
 12589 | Lair:3   | Found a runed gate.
 12590 | Lair:3   | Noticed a death ooze
 12590 | Lair:3   | Noticed Bauhell's ghost (journeyman HuSu)
 12597 | Lair:3   | Found a viscous altar of Jiyva.
 12940 | Lair:4   | Reached skill level 5 in Evocations
 12954 | Lair:4   | Noticed a seven-headed hydra
 12965 | Lair:4   | Killed a two-headed hydra
 12965 | Lair:4   | Reached XP level 13. HP: 84/84 MP: 19/19
 13155 | Lair:4   | Received a gift from Okawaru
 13314 | Lair:4   | Found the +7 great mace "Undeadhunter" {disrupt, rN+}
 13535 | Lair:5   | Found a labyrinth entrance.
 13559 | Lair:5   | Reached ****** piety under Okawaru
 13713 | Lair:5   | Found a dark tunnel.
 13730 | Lair:5   | Reached skill level 10 in Invocations
 13882 | Lair:5   | Noticed Josephine
 13888 | Lair:5   | Found a staircase to the Slime Pits.
 13900 | Lair:5   | Received a gift from Okawaru
 13904 | Lair:5   | Killed Josephine
 13920 | Lair:5   | Found a viscous altar of Jiyva.
 14630 | Lair:6   | Entered Level 6 of the Lair of Beasts
 14692 | Lair:6   | Gained mutation: Your large and strong wings let you fly indefinitely. [Gargoyle growth]
 14692 | Lair:6   | Reached XP level 14. HP: 91/91 MP: 22/22
 14720 | Lair:6   | Received a gift from Okawaru
 14970 | Lair:6   | Reached skill level 10 in Axes
 15102 | Lair:6   | Received a gift from Okawaru
 16217 | D:11     | Found a staircase to the Orcish Mines.
 16693 | D:12     | Reached XP level 15. HP: 78/97 MP: 24/24
 16873 | D:12     | Received a gift from Okawaru
 16878 | D:12     | Got a crystal dagger {god gift}
 16992 | D:12     | Got a faintly glowing cloak
 17003 | D:12     | Identified the +0 cloak of Teajax {MR+} (You found it on level 12 of the Dungeon)
 17064 | D:12     | Found a frozen archway.
 17219 | IceCv    | Entered an ice cave
 17651 | IceCv    | Received a gift from Okawaru
 17840 | IceCv    | Noticed a frost giant
 17860 | IceCv    | Killed a frost giant
 18099 | D:13     | Found Hegim's Antique Weapon Emporium.
 18436 | D:13     | Found a glowing golden altar of the Shining One.
 18744 | D:13     | Found the +3 giant club "Skullcrusher" {speed, Str+7}
 18793 | D:13     | Found Arisayd's General Store.
 18807 | D:13     | Bought a scroll of enchant armour for 97 gold pieces
 18890 | D:13     | Received a gift from Okawaru
 19113 | D:13     | Noticed Kirke
 19129 | D:13     | Killed Kirke
 19142 | D:13     | Noticed Sonja
 19155 | D:13     | Found a gate to the Vaults.
 19168 | D:13     | Killed Sonja
 19168 | D:13     | Reached XP level 16. HP: 91/104 MP: 18/26
 19469 | Orc:1    | Entered Level 1 of the Orcish Mines
 19480 | Orc:1    | Received a gift from Okawaru
 19964 | Orc:1    | Identified a scroll of acquirement
 19965 | Orc:1    | Got a pair of translucent boots
 19976 | Orc:1    | Identified the +0 pair of boots of Anim Ebo {rElec rPois rF+ Str-3} (You acquired it on level 1 of the Orcish Mines)
 20685 | Orc:2    | Entered Level 2 of the Orcish Mines
 21241 | Orc:2    | Found a staircase to the Elven Halls.
 21245 | Orc:2    | Found Fuatsol's Assorted Antiques.
 21796 | Orc:2    | Found Bisuf's Armour Emporium.
 21796 | Orc:2    | Found Puifos's Assorted Antiques.
 21863 | Orc:2    | Found Nydenuc's Gadget Boutique.
 22665 | D:15     | Entered Level 15 of the Dungeon
 22775 | D:15     | Received a gift from Okawaru
 22783 | D:15     | Got an encrusted animal skin {god gift}
 22794 | D:15     | Identified the +0 animal skin of Okawaru {rPois rN+ rCorr} (Okawaru gifted it to you on level 15 of the Dungeon)
 23464 | D:15     | Found a staircase to the Depths.
 23680 | Spider:1 | Entered Level 1 of the Spider Nest
 24135 | Swamp:1  | Entered Level 1 of the Swamp
 24439 | Swamp:1  | Reached XP level 17. HP: 108/110 MP: 28/28
 25136 | Swamp:1  | Reached skill level 15 in Invocations
 25291 | Swamp:1  | Received a gift from Okawaru
 25312 | Swamp:1  | Got a jewelled buckler {god gift}
 25328 | Swamp:1  | Identified the +0 buckler of Devotion {Str+7} (Okawaru gifted it to you on level 1 of the Swamp)
 25948 | Swamp:2  | Noticed a tentacled monstrosity
 25964 | Swamp:2  | Killed a tentacled monstrosity
 27983 | Swamp:3  | Upgraded the game from 0.22.0-21-g8bd1b0a76a to 0.22.0-27-ga576289601
 27993 | Swamp:4  | Entered Level 4 of the Swamp
 28521 | Swamp:4  | Received a gift from Okawaru
 28521 | Swamp:4  | Reached skill level 1 in Stealth
 28854 | Swamp:4  | Reached skill level 1 in Dodging
 28959 | Swamp:4  | Noticed the 27-headed Lernaean hydra
 28993 | Swamp:4  | Killed the 26-headed Lernaean hydra
 28993 | Swamp:4  | Received a gift from Okawaru
 29008 | Swamp:4  | Reached skill level 15 in Armour
 29131 | Swamp:4  | Reached XP level 18. HP: 79/117 MP: 29/29
 29513 | Swamp:4  | Got a decaying rune of Zot
 31256 | Spider:2 | Identified the Tome of Quantum Weightlessness
 31684 | Spider:3 | Received a gift from Okawaru
 31946 | Spider:3 | Reached skill level 5 in Stealth
 32459 | Spider:4 | Entered Level 4 of the Spider Nest
 32780 | Spider:4 | Found the +6 Majin-Bo {vamp, Archmagi MP+6 Int+6}
 32820 | Spider:4 | Reached skill level 15 in Fighting
 33240 | Spider:4 | Reached XP level 19. HP: 74/124 MP: 23/30
 33296 | Spider:4 | Received a gift from Okawaru
 33722 | Spider:4 | Got a gossamer rune of Zot
 33759 | Spider:4 | Got a brightly glowing hat {god gift}
 33770 | Spider:4 | Identified the +2 hat of Wrong Decisions {rCorr Str-4 Int+6 Slay+2} (Okawaru gifted it to you on level 4 of the Spider Nest)
 34477 | Depths:1 | Entered Level 1 of the Depths
 35160 | Depths:1 | Reached skill level 5 in Dodging
 35232 | Depths:1 | Learned a level 8 spell: Controlled Blink
 35401 | Depths:1 | Got a brightly glowing zirconium amulet
 35423 | Depths:1 | Found a gateway to Hell.
 35849 | Depths:1 | Reached skill level 1 in Spellcasting
 35849 | Depths:1 | Reached skill level 1 in Translocations
 36723 | Depths:2 | Received a gift from Okawaru
 36736 | Depths:2 | Identified the amulet of Balance {Acrobat rPois SInv Stlth-} (You found it on level 1 of the Depths)
 36804 | Depths:2 | Found a one-way gate leading to the halls of Pandemonium.
 37543 | Depths:2 | Got a pitted crystal plate armour {god gift}
 37554 | Depths:2 | Identified the +7 crystal plate armour of Free Expression {-Cast +Inv +Fly Regen+} (Okawaru gifted it to you on level 2 of the Depths)
 37673 | Depths:2 | Reached XP level 20. HP: 113/131 MP: 31/31
 37713 | Depths:2 | Noticed a lich
 37723 | Depths:2 | Paralysed by a floating eye for 2 turns
 37736 | Depths:2 | Killed a lich
 38193 | Depths:2 | Found a corrupted altar of Lugonu.
 38194 | Depths:2 | Found a one-way gate to the infinite horrors of the Abyss.
 39072 | Depths:3 | Received a gift from Okawaru
 39073 | Depths:3 | Found the +2 pair of boots of the Assassin {Detection Stab+ Stlth++}
 39650 | Depths:3 | Found a radiant altar of Vehumet.
 39808 | Depths:3 | Noticed a golden dragon
 39825 | Depths:3 | Reached skill level 15 in Axes
 39880 | Depths:3 | Noticed a caustic shrike
 39889 | Depths:3 | Noticed a caustic shrike
 39891 | Depths:3 | Noticed a caustic shrike
 39892 | Depths:3 | Noticed a caustic shrike
 39898 | Depths:3 | Killed a caustic shrike
 39909 | Depths:3 | Killed a caustic shrike
 39914 | Depths:3 | Killed a caustic shrike
 39919 | Depths:3 | HP: 3/134 [acid (5)]
 39920 | Depths:3 | Killed a caustic shrike
 40031 | Depths:3 | Received a gift from Okawaru
 40032 | Depths:3 | Got a brightly glowing broad axe {god gift}
 40212 | Depths:3 | Identified the +1 broad axe of Lakiocab {venom, rF++ Str+2 Int-4 SInv} (Okawaru gifted it to you on level 3 of the Depths)
 40267 | Depths:3 | Reached XP level 21. HP: 39/140 MP: 0/32
 40410 | Depths:3 | Got a scorched steel ring
 40439 | Depths:3 | Found an opulent altar of Gozag.
 40439 | Depths:3 | Found a gateway to a ziggurat.
 40582 | Depths:2 | Noticed an ancient lich
 40785 | Depths:2 | Cast into level 5 of the Abyss (an ancient lich)
 40785 | Abyss:5  | Entered Level 5 of the Abyss
 40790 | Abyss:5  | Identified the Disquisition on Lucky Transformation
 40847 | Abyss:5  | Noticed an ancient lich
 40910 | Abyss:5  | Killed an ancient lich
 40941 | Abyss:5  | Killed from afar by a smoke demon

Skill      XL: |  1  2  3  4  5  6  7  8  9 10 11 12 13 14 15 16 17 18 19 20 21 |
---------------+----------------------------------------------------------------+-----
Axes           | 2 3 4 5 6 7 8 9 10 11 12 13 14 15 | 15.5
Fighting       | 4 5 7 8 9 10 11 12 13 14 15 17 18 | 18.3
Armour         | 4 5 6 8 9 10 11 12 13 15 16 17 18 | 18.2
Shields        | 4 5 6 8 9 10 11 12 13 14 | 14.1
Invocations    | 3 6 9 10 12 13 14 15 | 15.2
Evocations     | 1 3 5 6 7 8 9 |  9.3
Stealth        | 3 6 7 |  7.1
Dodging        | 2 4 5 |  5.0
Spellcasting   | 4 |  4.0
Translocations | 3 |  3.9

Action                   |  1- 3 |  4- 6 |  7- 9 | 10-12 | 13-15 | 16-18 | 19-21 || total
-------------------------+-------+-------+-------+-------+-------+-------+-------++-------
Melee: War axe           |   166 |   228 |   418 |   870 |       |       |       ||  1682
       Hand axe          |       |       |       |    17 |       |    62 |       ||    79
       Staff             |       |       |       |     4 |       |       |       ||     4
       Broad axe         |       |       |       |    74 |  1066 |  1657 |  1231 ||  4028
Throw: Javelin           |       |       |       |     6 |       |       |       ||     6
Invok: Heroism           |       |       |       |     3 |     6 |    11 |    12 ||    32
       Finesse           |       |       |       |       |     5 |     6 |     7 ||    18
 Abil: Evoke Invisibilit |       |       |       |       |       |       |     2 ||     2
Evoke: Wand              |       |       |       |     2 |       |    13 |       ||    15
       Lamp of fire      |       |       |       |       |       |     1 |       ||     1
       Phantom mirror    |       |       |       |       |       |     1 |       ||     1
  Use: Scroll            |     4 |       |     6 |     1 |    24 |    16 |     9 ||    60
       Potion            |       |       |     1 |     9 |       |     5 |     5 ||    20
 Stab: Invisible         |       |       |       |       |       |       |    21 ||    21
  Eat: Chunk             |     1 |     5 |    11 |    16 |    17 |    12 |       ||    62
       Ration            |       |       |       |     3 |     1 |    11 |     8 ||    23
Armor: Scale mail        |    48 |       |       |       |       |       |       ||    48
       Plate armour      |    66 |   164 |   420 |   915 |    21 |       |       ||  1586
       Skin              |       |       |       |     7 |       |       |       ||     7
       Crystal plate arm |       |       |       |       |   888 |  2202 |   906 ||  3996
Dodge: Dodged            |    35 |    36 |    79 |   272 |   227 |   544 |   387 ||  1580
       Deflected         |       |       |       |       |       |       |    21 ||    21
Block: Shield            |    99 |   124 |   316 |   787 |   793 |  1542 |   806 ||  4467
